 Dungeon Crawl Stone Soup version 0.17-a0-1575-g9a29ec8 (webtiles) character file.

256 karlkraus the Covered (level 5, -2/47 HPs)
             Began as a Minotaur Fighter on July 26, 2015.
             Was an Initiate of Qazlal.
             Succumbed to a worker ant's poison
             ... on level 4 of the Dungeon.
             The game lasted 00:07:09 (2471 turns).

karlkraus the Covered (Minotaur Fighter)            Turns: 2471, Time: 00:07:10

Health: -2/47      AC:  7    Str: 21    XL:     5   Next: 92%
Magic:  4/4        EV:  8    Int: 10    God:    Qazlal [......]
Gold:   198        SH: 10    Dex: 10    Spells: 0 memorised, 4 levels left

rFire  . . .     SeeInvis +     v - +8 club
rCold  . . .     Clarity  .     b - +0 scale mail
rNeg   . . .     SustAt   .     c - +0 shield
rPois  .         Gourm    .     (helmet restricted)
rElec  .         Spirit   .     (no cloak)
rCorr  .         Warding  .     (no gloves)
rMut   .         Stasis   .     (no boots)
MR     .....                    (no amulet)
Stlth  ..........               (no ring)
                                k - ring of see invisible

@: brilliant, lethally poisoned (-2 -> -30), invisible, not resistant to hostile
enchantments, extremely unstealthy
A: retaliatory headbutt, horns 2
a: Renounce Religion


You were on level 4 of the Dungeon.
You worshipped Qazlal.
Qazlal was noncommittal.
You were very hungry.

You visited 1 branch of the dungeon, and saw 4 of its levels.

You collected 198 gold pieces.

Inventory:

Hand weapons
 a - a +0 war axe
 v - a +8 club (weapon)
Armour
 b - a +0 scale mail (worn)
 c - a +0 shield (worn)
Jewellery
 k - a ring of see invisible (left hand)
Scrolls
 f - 2 scrolls of remove curse
 g - a scroll of immolation {unknown}
 h - 5 scrolls of identify
 l - 4 scrolls of enchant weapon
 n - a scroll of noise {unknown}
 p - a scroll of magic mapping {unknown}
 r - a scroll of blinking {unknown}
 t - a scroll of fear {unknown}
Potions
 d - a potion of might
 u - a potion of cancellation
Comestibles
 e - 2 bread rations
 j - a beef jerky
 m - 4 fruits
 o - 2 meat rations
 s - a slice of pizza


   Skills:
 + Level 4.5 Fighting
 + Level 3.0(3.2) Axes
 + Level 1.6(2.5) Maces & Flails
 + Level 5.5 Armour
 + Level 1.8 Dodging
 + Level 5.0 Shields


You had 4 spell levels left.
You didn't know any spells.

Dungeon Overview and Level Annotations

Branches:
Dungeon (4/15)
 Temple: D:4-7

Altars:
Ashenzari
Cheibriados
Fedhas
Qazlal
Sif Muna
The Shining One


Innate Abilities, Weirdness & Mutations

You reflexively headbutt those who attack you in melee.
You have a pair of horns on your head.


Message History

You are more poisoned.
The worker ant poisons you! The kobold closely misses you.
You furiously retaliate!
You headbutt the kobold!
You kill the kobold!
Qazlal accepts your kill.
Drink which item? (? for menu, Esc to quit)
It was a potion of cancellation.
You feel magically purged.
* * * LOW HITPOINT WARNING * * *
You feel very sick. The worker ant bites you.
* * * LOW HITPOINT WARNING * * *
Drink which item? (? for menu, Esc to quit)
It was a potion of brilliance.
You feel clever all of a sudden.
* * * LOW HITPOINT WARNING * * *
You feel sick. The worker ant closely misses you.
Drink which item? (? for menu, Esc to quit)
It was a potion of invisibility.
You fade into invisibility!
You die...

...####....##
............##
...............##
.................#
.................#
......(...........
#........a....... .
#........@)...... <
#.......(....... #
#.....(.)...... #
#.>.(.........# ##
##...........## .#
#............. .##
##............. ..##
###..............
...#####.............###


You could see a worker ant.

Vanquished Creatures
  A worker ant (D:3)
  Jessica (D:2)
  A hound (D:4)
  3 gnolls (D:3)
  8 adders
  An ooze (D:2)
  A worm (D:3)
  A giant gecko (D:2)
  5 orcs
  6 bats
  A bat skeleton (D:4)
  A giant cockroach (D:4)
  7 goblins
  9 hobgoblins
  3 jackals (D:3)
  2 quokkas (D:2)
  3 ball pythons
  2 giant newts (D:2)
  11 kobolds
  7 rats
74 creatures vanquished.

Notes
Turn   | Place    | Note
--------------------------------------------------------------
     0 | D:1      | karlkraus the Minotaur Fighter began the quest for the Orb.
     0 | D:1      | Reached XP level 1. HP: 19/19 MP: 0/0
   225 | D:1      | Reached skill level 4 in Armour
   272 | D:1      | Reached XP level 2. HP: 25/27 MP: 1/1
   587 | D:2      | Reached XP level 3. HP: 13/33 MP: 2/2
  1048 | D:2      | Found a deep blue altar of Sif Muna.
  1052 | D:2      | Reached skill level 1 in Dodging
  1298 | D:2      | Noticed Jessica
  1302 | D:2      | Killed Jessica
  1302 | D:2      | Reached XP level 4. HP: 31/41 MP: 3/3
  1357 | D:2      | Found a glowing golden altar of the Shining One.
  1518 | D:3      | Reached skill level 5 in Armour
  1518 | D:3      | Reached XP level 5. HP: 45/47 MP: 4/4
  1650 | D:3      | Found a stormy altar of Qazlal.
  1651 | D:3      | Found a blossoming altar of Fedhas.
  1696 | D:3      | Found a shattered altar of Ashenzari.
  1722 | D:3      | Became a worshipper of Qazlal Stormbringer
  2061 | D:3      | Found a snail-covered altar of Cheibriados.
  2072 | D:3      | Reached skill level 1 in Maces & Flails
  2397 | D:4      | Reached skill level 5 in Shields
  2469 | D:4      | HP: 2/47 [worker ant (3)]
  2471 | D:4      | Succumbed to a worker ant's poison

Vault maps used:
D:1:      onia_arrival_handbag, serial_glass, glass_columns_a, glass_columns_a,
          grunt_decor_cap, feat_on_display
D:2:      tso_oasis_becter, lemuel_round_altar, minmay_misc_feat_pillars,
          uniq_jessica
D:3:      grunt_temple_overflow_forces_of_nature, lemuel_crystal_altar,
          lemuel_round_altar, minivault_5, kennysheep_pointless_box
D:4:      okawaru_altar_gauntlet_db,
          nicolae_gozag_cash_rules_everything_around_me,
          kennysheep_vampire_church

Action                   |  1- 3 |  4- 6 || total
-------------------------+-------+-------++-------
Melee: War axe           |    89 |       ||    89
       Club              |       |    87 ||    87
  Use: Potion            |     1 |     3 ||     4
       Scroll            |       |     3 ||     3
  Eat: Chunk             |     1 |     3 ||     4
